 Dungeon Crawl Stone Soup version 0.30-b1-2-g02819fbbbe (webtiles) character file.

Game seed: 14130224725197023137

3768 MisterFreud the Fighter (level 10, -3/79 HPs)
             Began as a Gnoll Wanderer on Sept 19, 2023.
             Was a Believer of Hepliaklqana.
             Slain by a sixfirhy (10 damage)
             ... summoned by a kobold demonologist
             ... on level 9 of the Dungeon.
             The game lasted 00:09:54 (8700 turns).

MisterFreud the Fighter (Gnoll Wanderer)            Turns: 8700, Time: 00:09:55

Health: -3/79      AC: 11    Str: 13    XL:     10   Next: 16%
Magic:  19/19      EV: 13    Int: 14    God:    Hepliaklqana [**....]
Gold:   380        SH:  0    Dex: 12    Spells: 21/21 levels left

rFire   . . .        y - +3 trident (flame)
rCold   . . .        o - orb {light}
rNeg    . . .        e - +0 leather armour
rPois   +            (no helmet)
rElec   .            r - +1 cloak
rCorr   .            h - +0 pair of gloves
SInv    .            (no boots)
Will    .....        (no amulet)
Stlth   +            i - ring of poison resistance
HPRegen 0.33/turn    l - +4 ring of protection
MPRegen 0.16/turn

%: no passive effects
@: glowing
A: reduced essence, fangs 1, strong nose, distributed training
a: Renounce Religion, Ancestor Life: Knight, Ancestor Life: Battlemage, Ancestor
Life: Hexer, Recall Ancestor, Ancestor Identity


You were on level 9 of the Dungeon.
You worshipped Hepliaklqana.
Hepliaklqana was pleased with you.
You visited 2 branches of the dungeon, and saw 10 of its levels.

You collected 380 gold pieces.

Inventory:

Hand Weapons
 a - a +0 club
 g - a +1 quarterstaff of distortion
 s - a +0 quarterstaff
 v - a +2 heavy spear
 y - a +3 trident of flaming (weapon)
Armour
 e - a +0 leather armour (worn)
 h - a +0 pair of gloves (worn)
 o - an orb of light (worn)
 r - a +1 cloak (worn)
Jewellery
 i - a ring of poison resistance (left hand)
 j - a ring of see invisible
 k - a ring of magical power
 l - a +4 ring of protection (right hand)
 C - a ring of positive energy
 E - a ring of protection from fire
Wands
 m - a wand of mindburst (9)
 x - a wand of paralysis (36)
 A - a wand of polymorph (31)
 G - a wand of digging (8)
Scrolls
 b - 2 scrolls of fear
 d - 2 scrolls of fog
 f - a scroll of blinking
 p - 5 scrolls of teleportation
Potions
 c - 7 potions of curing
 n - a potion of brilliance
 q - 2 potions of heal wounds
 t - a potion of flight
 u - a potion of lignification
 w - 2 potions of haste
 z - 2 potions of invisibility {unknown}
 B - a potion of attraction {unknown}
 D - a potion of mutation {unknown}


   Skills:
 + Level 11.6 Fighting
 + Level 5.2 Short Blades
 + Level 5.2 Long Blades
 + Level 5.2 Axes
 + Level 5.2 Maces & Flails
 + Level 5.2 Polearms
 + Level 5.2 Staves
 + Level 5.2 Ranged Weapons
 + Level 5.2 Throwing
 + Level 5.9 Armour
 + Level 5.2 Dodging
 + Level 5.2 Stealth
 + Level 5.2 Shields
 + Level 7.0 Unarmed Combat
 + Level 6.0 Spellcasting
 + Level 4.3 Conjurations
 + Level 4.3 Hexes
 + Level 4.3 Summonings
 + Level 4.3 Necromancy
 + Level 4.8 Translocations
 + Level 4.3 Transmutations
 + Level 4.3 Fire Magic
 + Level 4.3 Ice Magic
 + Level 4.3 Air Magic
 + Level 4.3 Earth Magic
 + Level 4.3 Poison Magic
 + Level 5.7 Invocations
 + Level 5.2 Evocations


You had 21 spell levels left.
You didn't know any spells.
Your spell library contained the following spells:

 Spells                   Type           Power      Damage    Failure   Level
 Apportation              Tloc           34%        N/A       2%          1
 Shock                    Conj/Air       64%        1d7       3%          1
 Volatile Blastmotes      Fire/Tloc      34%        2d12      9%          3
 Swiftness                Air            16%        N/A       10%         3
 Airstrike                Air            8%         2d(2-18)  32%         4


Dungeon Overview and Level Annotations

Branches:
Dungeon (9/15)             Temple (1/1) D:6             Orc (0/2) D:9
   Lair: D:8-11

Altars:
Cheibriados
Dithmenos
Elyvilon
Fedhas
Gozag
Hepliaklqana
Kikubaaqudgha
Makhleb
Nemelex Xobeh
Okawaru
Qazlal
Trog
Uskayaw
Vehumet
Wu Jian
Xom
Zin
The Shining One

Shops:
D:6 (

Annotations:
D:9 3 runed translucent doors, PanSaczeczos's ghost, novice SpAE; alexzegreat's ghost, journeyman MiBe; phunky83's ghost, novice DECj


Innate Abilities, Weirdness & Mutations

Your life essence is reduced to manifest your ancestor. (-10% HP)
You have very sharp teeth.
Your uncanny sense of smell can sniff out nearby items.
Your experience applies equally to all skills.


Message History

The shadow imp lashes its tail.
Reach: y) +3 trident (flame)
Press: ? - help, Dir - move target, f - kobold demonologist
Aim: a kobold demonologist, wielding a +0 dagger and wearing a +0 robe (haloed, about 27% to evade your +3 trident of flaming)
The sixfirhy is in the way.
You puncture the sixfirhy! You burn the sixfirhy.
The sixfirhy is moderately wounded.
The shadow imp disappears in a puff of smoke!
The sixfirhy hits you but does no damage.
The sixfirhy hits you. The sixfirhy shocks you!
The sixfirhy closely misses you.
Unknown command.
Reach: y) +3 trident (flame)
Press: ? - help, Dir - move target, f/p - kobold demonologist
Aim: a kobold demonologist, wielding a +0 dagger and wearing a +0 robe (haloed, about 27% to evade your +3 trident of flaming)
The sixfirhy is in the way.
You barely miss the sixfirhy.
The sixfirhy is lightly wounded.
Unknown command.
Unknown command.
Reach: y) +3 trident (flame)
Press: ? - help, Dir - move target, f/p - kobold demonologist
Aim: a kobold demonologist, wielding a +0 dagger and wearing a +0 robe (haloed, about 27% to evade your +3 trident of flaming)
The sixfirhy is in the way.
You puncture the sixfirhy! You burn the sixfirhy.
The sixfirhy is moderately wounded.
The sixfirhy disappears in a puff of smoke!
Unknown command.
You barely miss the kobold demonologist.
The sixfirhy hits you but does no damage.
The sixfirhy hits you. The sixfirhy shocks you! The sixfirhy hits you.
The sixfirhy shocks you!
* * * LOW HITPOINT WARNING * * *
The sixfirhy barely misses you.
You puncture the kobold demonologist! You burn the kobold demonologist.
The kobold demonologist is moderately wounded.
The sixfirhy hits you but does no damage.
The sixfirhy hits you.
* * * LOW HITPOINT WARNING * * *
The sixfirhy shocks you!
* * * LOW HITPOINT WARNING * * *
The sixfirhy barely misses you. The sixfirhy hits you!
You die...

########## #####
#####.........
....5K#3.............
........#
#.#..)....##
#..).......#


You could see 2 kobold demonologists, a sixfirhy (summoned), 2 quasits, a shadow
imp (summoned) and 2 kobolds.

Vanquished Creatures
  A two-headed ogre (D:6)
  Pikel (D:6)
  A wyvern (D:8)
  2 steam dragons
  Duvessa (D:7)
  An ice beast (D:8)
  An orc warrior (D:5)
  3 centaurs
  2 phantoms (D:5)
  4 lemures (D:6)
  2 bullfrogs
  A gnoll sergeant (D:4)
  5 kobold brigands
  2 scorpions
  5 wights (D:6)
  Dowan (D:7)
  A gnoll bouda (D:6)
  An orc priest (D:8)
  2 hounds (D:5)
  2 jellies
  Ijyb (D:5)
  Jessica (D:2)
  An iguana (D:5)
  6 orc wizards
  12 gnolls
  9 adders
  A shadow imp (D:6)
  3 white imps
  4 dart slugs
  16 orcs
  5 endoplasms
  3 giant cockroaches
  3 goblins
  6 hobgoblins
  3 quokkas
  9 ball pythons
  5 bats
  3 frilled lizards
  13 kobolds
  7 rats
  A rat zombie (D:3)
151 creatures vanquished.

Vanquished Creatures (collateral kills)
  An orc wizard (D:8)
  An orc (D:8)
  A kobold (D:7)
3 creatures vanquished.

Vanquished Creatures (others)
  2 ancestors
  4 withered plants (D:9)
6 creatures vanquished.

Grand Total: 160 creatures vanquished

Notes
Turn   | Place    | Note
-------+----------+-------------------------------------------
     0 | D:1      | Reached skill level 10 in Fighting
     0 | D:1      | MisterFreud the Gnoll Wanderer began the quest for the Orb.
     0 | D:1      | MisterFreud set off with the following items: a +0 club, a
                  | scroll of fear, a potion of curing, a scroll of fog, a +0
                  | leather armour, a scroll of blinking; and the following
                  | spell memorised: Apportation; and the following spells
                  | available to memorise: Volatile Blastmotes.
     0 | D:1      | Reached XP level 1. HP: 29/29 MP: 4/4
    77 | D:1      | Reached XP level 2. HP: 35/36 MP: 5/5
   862 | D:1      | Reached XP level 3. HP: 39/42 MP: 7/7
  1218 | D:2      | Noticed Jessica
  1232 | D:2      | Killed Jessica
  1233 | D:2      | Reached skill level 1 in Short Blades
  1233 | D:2      | Reached skill level 1 in Long Blades
  1233 | D:2      | Reached skill level 1 in Axes
  1233 | D:2      | Reached skill level 1 in Maces & Flails
  1233 | D:2      | Reached skill level 1 in Polearms
  1233 | D:2      | Reached skill level 1 in Staves
  1233 | D:2      | Reached skill level 1 in Ranged Weapons
  1233 | D:2      | Reached skill level 1 in Throwing
  1233 | D:2      | Reached skill level 1 in Dodging
  1233 | D:2      | Reached skill level 1 in Stealth
  1233 | D:2      | Reached skill level 1 in Shields
  1233 | D:2      | Reached skill level 1 in Invocations
  1233 | D:2      | Reached skill level 1 in Evocations
  1233 | D:2      | Reached XP level 4. HP: 38/48 MP: 8/8
  1807 | D:3      | Reached skill level 1 in Conjurations
  1807 | D:3      | Reached skill level 1 in Hexes
  1807 | D:3      | Reached skill level 1 in Summonings
  1807 | D:3      | Reached skill level 1 in Necromancy
  1807 | D:3      | Reached skill level 1 in Transmutations
  1807 | D:3      | Reached skill level 1 in Fire Magic
  1807 | D:3      | Reached skill level 1 in Ice Magic
  1807 | D:3      | Reached skill level 1 in Air Magic
  1807 | D:3      | Reached skill level 1 in Earth Magic
  1807 | D:3      | Reached skill level 1 in Poison Magic
  1905 | D:3      | Found a hide-covered altar of Uskayaw.
  1906 | D:3      | Found a stormy altar of Qazlal.
  2400 | D:3      | Found an ancient bone altar of Kikubaaqudgha.
  2582 | D:4      | Reached XP level 5. HP: 48/54 MP: 9/9
  3307 | D:5      | Entered Level 5 of the Dungeon
  3375 | D:4      | Reached XP level 6. HP: 29/61 MP: 9/11
  3572 | D:5      | Reached skill level 5 in Unarmed Combat
  3640 | D:5      | Noticed an orc warrior
  3661 | D:5      | Killed an orc warrior
  3662 | D:5      | Reached XP level 7. HP: 48/67 MP: 12/12
  3876 | D:5      | Noticed Ijyb
  3884 | D:5      | Killed Ijyb
  4323 | D:5      | Found a sparkling altar of Nemelex Xobeh.
  4955 | D:6      | Reached XP level 8. HP: 26/74 MP: 14/14
  5311 | D:6      | Noticed Pikel
  5328 | D:6      | Killed Pikel
  5329 | D:6      | Reached skill level 11 in Fighting
  5706 | D:6      | Found a staircase to the Ecumenical Temple.
  5723 | Temple   | Entered the Ecumenical Temple
  5737 | Temple   | Became a worshipper of Hepliaklqana the Forgotten
  5820 | D:6      | Reached XP level 9. HP: 81/81 MP: 16/16
  5872 | D:6      | Identified the +0 robe "Suagyom" {rC- Str+6}
  5879 | D:6      | Reached skill level 5 in Spellcasting
  5955 | D:6      | Found Risets's Weapon Boutique.
  6233 | D:6      | Found a glowing golden altar of the Shining One.
  6240 | D:6      | Noticed a two-headed ogre
  6247 | D:6      | Killed a two-headed ogre
  6248 | D:6      | Reached skill level 5 in Armour
  6597 | D:7      | Reached skill level 5 in Invocations
  6678 | D:7      | Reached * piety under Hepliaklqana
  7176 | D:7      | Noticed Duvessa
  7176 | D:7      | Noticed Dowan
  7186 | D:7      | Killed Duvessa
  7192 | D:7      | Killed Dowan
  7817 | D:8      | Found a glowing silver altar of Zin.
  7869 | D:8      | Reached ** piety under Hepliaklqana
  7877 | D:8      | Reached skill level 5 in Short Blades
  7877 | D:8      | Reached skill level 5 in Long Blades
  7877 | D:8      | Reached skill level 5 in Axes
  7877 | D:8      | Reached skill level 5 in Maces & Flails
  7877 | D:8      | Reached skill level 5 in Polearms
  7877 | D:8      | Reached skill level 5 in Staves
  7877 | D:8      | Reached skill level 5 in Ranged Weapons
  7877 | D:8      | Reached skill level 5 in Throwing
  7877 | D:8      | Reached skill level 5 in Dodging
  7877 | D:8      | Reached skill level 5 in Stealth
  7877 | D:8      | Reached skill level 5 in Shields
  7877 | D:8      | Reached skill level 5 in Evocations
  7877 | D:8      | Reached XP level 10. HP: 54/79 MP: 18/18
  8449 | D:9      | Found a runed translucent gate.
  8449 | D:9      | Found a runed translucent gate.
  8450 | D:9      | Found a runed translucent gate.
  8452 | D:9      | Noticed alexzegreat's ghost (journeyman MiBe)
  8452 | D:9      | Noticed phunky83's ghost (novice DECj)
  8452 | D:9      | Noticed PanSaczeczos's ghost (novice SpAE)
  8618 | D:9      | Found a staircase to the Orcish Mines.
  8682 | D:9      | Noticed a kobold demonologist
  8683 | D:9      | Noticed a kobold demonologist
  8686 | D:9      | Noticed a sixfirhy
  8687 | D:9      | Noticed a sixfirhy
  8700 | D:9      | Slain by a sixfirhy

Illustrated notes

Levels and vault maps discovered:
D:1:      amcnicky_arrival_flooded_fountain, layout_basic, minmay_tetromino_s4
D:2:      layout_loops_ring, uniq_jessica
D:3:      layout_rooms, lemuel_zombie_altar_kikubaaqudgha,
          nicolae_overflow_squiral, serial_forest,
          infiniplex_forest_clump_small, infiniplex_forest_lined_2,
          infiniplex_forest_zigzag_2, infiniplex_forest_straight_4,
          infiniplex_forest_fountain, infiniplex_forest_end_2,
          infiniplex_forest_lined_corner, infiniplex_forest_clump_long
D:4:      layout_basic
D:5:      kb_forest_paths, layout_loops_ring, nemelex_spade_bored_becter,
          uniq_ijyb
D:6:      layout_loops_ring, lemuel_doored_altar, minmay_temple_entry_slanted,
          nicolae_wooded_promenade, nicolae_titane, uniq_pikel
D:7:      layout_basic, uniq_duvessa
D:8:      layout_basic, zin_academy
D:9:      layout_roguey, orc_0_dummy, gammafunk_ghost_cemetery, st_stairs_4
Temple:   hellmonk_temple_two_chambers

Skill      XL: |  1  2  3  4  5  6  7  8  9 10 |
---------------+-------------------------------+-----
Fighting       | 11 | 11.6
Translocations | 2 3 4 |  4.8
Short Blades   | 1 2 3 5 |  5.2
Long Blades    | 1 2 3 5 |  5.2
Axes           | 1 2 3 5 |  5.2
Maces & Flails | 1 2 3 5 |  5.2
Polearms       | 1 2 3 5 |  5.2
Staves         | 1 2 3 5 |  5.2
Ranged Weapons | 1 2 3 5 |  5.2
Throwing       | 1 2 3 5 |  5.2
Dodging        | 1 2 3 5 |  5.2
Stealth        | 1 2 3 5 |  5.2
Shields        | 1 2 3 5 |  5.2
Invocations    | 1 2 3 4 5 |  5.7
Evocations     | 1 2 3 5 |  5.2
Spellcasting   | 3 4 5 6 |  6.0
Conjurations   | 1 2 3 4 |  4.3
Hexes          | 1 2 3 4 |  4.3
Summonings     | 1 2 3 4 |  4.3
Necromancy     | 1 2 3 4 |  4.3
Transmutations | 1 2 3 4 |  4.3
Fire Magic     | 1 2 3 4 |  4.3
Ice Magic      | 1 2 3 4 |  4.3
Air Magic      | 1 2 3 4 |  4.3
Earth Magic    | 1 2 3 4 |  4.3
Poison Magic   | 1 2 3 4 |  4.3
Armour         | 3 4 5 |  5.9
Unarmed Combat | 5 6 7 |  7.0

Action                     |  1- 3 |  4- 6 |  7- 9 | 10-12 || total
---------------------------+-------+-------+-------+-------++-------
  Melee: Club              |    74 |       |       |       ||    74
         Bite              |     8 |    13 |    44 |     2 ||    67
         Punch             |     3 |     6 |     3 |       ||    12
         Unarmed           |    21 |   194 |   101 |       ||   316
         Spear             |       |       |   220 |       ||   220
         Trident           |       |       |    16 |    31 ||    47
  Evoke: Wand              |       |     1 |     5 |       ||     6
    Use: Scroll            |       |     9 |     4 |     1 ||    14
         Potion            |       |     1 |     1 |       ||     2
   Stab: Sleeping          |       |     2 |     1 |       ||     3
         Distracted        |       |       |     1 |       ||     1
 Armour: Leather armour    |    51 |    69 |   147 |    13 ||   280
         Skin              |       |       |     3 |       ||     3
  Dodge: Dodged            |    67 |    80 |   224 |    17 ||   388
